 Dungeon Sprint DCSS version 0.30-a0-634-g8abc85282e (webtiles) character file.

Game seed: 5320849183585975256

812 mhtbhm the Grappler (level 7, -22/67 HPs)
             Began as a Troll Transmuter on Jan 14, 2023.
             Was an Initiate of Gozag.
             Killed from afar by a deep elf pyromancer (37 damage)
             ... with a bolt of fire
             ... in the Dungeon (Sprint III: "The Ten Rune Challenge").
             The game lasted 00:02:31 (713 turns).

mhtbhm the Grappler (Troll Transmuter)               Turns: 713, Time: 00:02:32

Health: -22/67     AC:  5    Str: 21    XL:     7   Next: 61%
Magic:  7/13       EV: 11    Int:  9    God:    Gozag
Gold:   279        SH:  0    Dex: 10    Spells: 5/15 levels left

rFire   . . .      SeeInvis .      - Unarmed
rCold   . . .      Faith    .    (no shield)
rNeg    . . .      Spirit   .    a - +0 robe
rPois   .          Reflect  .    (helmet restricted)
rElec   .          Harm     .    i - +0 cloak
rCorr   .          Rampage  .    (gloves unavailable)
Will    .....      NoTele   +    (boots unavailable)
Stlth   +                        (no amulet)
HPRegen 1.11/turn                (no ring)
MPRegen 0.13/turn                (no ring)

@: no status effects
A: large, unfitting armour, claws 3, regeneration 1, shaggy fur 1, tough skin 1
a: Renounce Religion, Potion Petition, Call Merchant, Bribe Branch


You were in the Dungeon.
You worshipped Gozag.
Gozag was aware of your devotion.
You visited 1 branch You collected 279 gold pieces.

Inventory:

Armour
 a - a +0 robe (worn)
 i - a +0 cloak (worn)
Wands
 d - a wand of roots (7)
Scrolls
 k - a scroll of torment {unknown}
 l - 2 scrolls of identify
 n - a scroll of immolation {unknown}
 o - 3 scrolls of fear {unknown}
Potions
 b - a potion of lignification
 c - a potion of curing
 e - a potion of haste
 f - 2 potions of magic
 j - 3 potions of mutation {unknown}
 m - 2 potions of flight
 p - a potion of brilliance {unknown}
Miscellaneous
 g - a lightning rod (inert)


   Skills:
 + Level 3.1 Fighting
 + Level 5.2 Dodging
 + Level 0.5 Stealth
 + Level 11.6 Unarmed Combat
 + Level 4.9 Spellcasting
 + Level 5.5 Transmutations


You had 5 spell levels left.
You knew the following spells:

 Your Spells              Type           Power      Damage    Failure   Level
a - Beastly Appendage     Tmut           24%        N/A       2%          1
b - Wereblood             Tmut           12%        N/A       3%          2
c - Spider Form           Tmut/Pois      7%         N/A       24%         3
d - Ice Form              Ice/Tmut       7%         N/A       61%         4

Your spell library contained the following spells:

 Spells                   Type           Power      Damage    Failure   Level


Dungeon Overview and Level Annotations

Branches:
Dungeon (1/1)

Altars:
Cheibriados
Dithmenos
Elyvilon
Fedhas
Gozag
Hepliaklqana
Kikubaaqudgha
Makhleb
Nemelex Xobeh
Okawaru
Qazlal
Ru
Sif Muna
Trog
Uskayaw
Vehumet
Wu Jian
Xom
Yredelemnul
Zin
The Shining One
Jiyva
Lugonu


Innate Abilities, Weirdness & Mutations

You are too large for most types of armour.
You have claws for hands.
Your natural rate of healing is unusually fast.
You are covered in fur. (AC +1)
You have tough skin. (AC +1)


Message History

The fire elemental hits you. The fire elemental burns you!
* * * LOW HITPOINT WARNING * * *
Unknown command.
Unknown command.
You mangle the fire elemental!!
You destroy the fire elemental!
The fire elemental disappears in a puff of smoke!
The deep elf pyromancer mumbles some strange words.
The deep elf pyromancer blinks!
Okay, then.
The lightning rod is presently inert.
Unknown command.
Unknown command.
Aiming: Fastroot
Press: ? - help, Shift-Dir - straight line, f - you The roots erupt in riotous growth!
Unknown command.
Aiming: Fastroot
Press: ? - help, Shift-Dir - straight line, f - fire elemental
Aim: a fire elemental (summoned, immune to roots)
The roots erupt in riotous growth!
The fire elemental is unaffected.
The fire elemental hits you. The fire elemental burns you!
* * * LOW HITPOINT WARNING * * *
You claw the fire elemental!
The fire elemental is moderately damaged.
The fire elemental barely misses you.
The deep elf pyromancer casts a spell.
You scratch the fire elemental.
The fire elemental is heavily damaged.
The deep elf pyromancer looks more healthy.
The fire elemental closely misses you.
You scratch the fire elemental. You claw the fire elemental!
You destroy the fire elemental!
The fire elemental disappears in a puff of smoke!
Unknown command.
The deep elf pyromancer gestures at you while chanting.
The bolt of fire hits you!!!
Ouch! That really hurt!
You die...
Your body crumbles into a pile of gold.

▓ ▓▓▓ ####
##.############$ $ $
...#####..#___#___#__# $
$ $
..†.#..#..#!.☼#__.#._#$$
#...#..#..###○#'###)##$
##..##'#..#...○.@....#
$$
##..###...'.e.°E§....#$
$ $ $
#..####...#...######'#
$$ $ $
#..###....#.⌠.#__#...#
..†##.....#...#__#...#
...#..)...#'###__#...#
.##.#.....#.$$#__#...+ .
####....#___#__'...# ▓
▓▓▓▓▓▓▓▓▓▓▓▓▓▓▓▓▓


You could see a deep elf pyromancer and a fire elemental (summoned).

Vanquished Creatures
  A shadow (D)
  A spatial vortex (D)
  A water elemental (D)
  A necrophage (D)
  A jelly (D)
  Crazy Yiuf (D)
  A wizard (D)
  A necromancer (D)
  3 humans (D)
  A kobold demonologist (D)
  An endoplasm (D)
  3 rats (D)
16 creatures vanquished.

Notes
Turn   | Place    | Note
-------+----------+-------------------------------------------
     0 | D        | mhtbhm the Troll Transmuter began the quest for the Orb.
     0 | D        | Reached XP level 1. HP: 18/18 MP: 1/1
    69 | D        | Reached skill level 1 in Fighting
    69 | D        | Reached skill level 5 in Unarmed Combat
    69 | D        | Reached XP level 2. HP: 27/27 MP: 3/3
   173 | D        | Learned a level 2 spell: Wereblood
   202 | D        | Noticed Crazy Yiuf
   205 | D        | Killed Crazy Yiuf
   206 | D        | Reached XP level 3. HP: 30/33 MP: 0/5
   218 | D        | Learned a level 3 spell: Spider Form
   325 | D        | Noticed a water elemental
   330 | D        | Killed a water elemental
   331 | D        | Reached skill level 7 in Unarmed Combat
   331 | D        | Reached XP level 4. HP: 41/41 MP: 2/7
   498 | D        | Reached XP level 5. HP: 45/48 MP: 8/8
   505 | D        | Noticed a shadow
   509 | D        | Killed a shadow
   510 | D        | Reached skill level 9 in Unarmed Combat
   510 | D        | Reached XP level 6. HP: 57/57 MP: 5/10
   515 | D        | Found a blossoming altar of Fedhas.
   515 | D        | Found a stormy altar of Qazlal.
   515 | D        | Found a snail-covered altar of Cheibriados.
   515 | D        | Found a burning altar of Makhleb.
   515 | D        | Found a shimmering altar of Xom.
   516 | D        | Found a hazy altar of Hepliaklqana.
   516 | D        | Found an opulent altar of Gozag.
   516 | D        | Found a sparkling altar of Nemelex Xobeh.
   516 | D        | Found a corrupted altar of Lugonu.
   516 | D        | Found a viscous altar of Jiyva.
   516 | D        | Noticed a spatial vortex
   521 | D        | HP: 1/57 [spatial vortex (4)]
   522 | D        | Killed a spatial vortex
   523 | D        | Reached skill level 10 in Unarmed Combat
   528 | D        | Became a worshipper of Gozag Ym Sagoz the Greedy
   560 | D        | Learned a level 4 spell: Ice Form
   577 | D        | Found a shadowy altar of Dithmenos.
   582 | D        | Found a basalt altar of Yredelemnul.
   582 | D        | Found a sacrificial altar of Ru.
   591 | D        | Found a hide-covered altar of Uskayaw.
   591 | D        | Found an iron altar of Okawaru.
   592 | D        | Found a bloodstained altar of Trog.
   592 | D        | Found an ornate altar of the Wu Jian Council.
   592 | D        | Noticed a human
   592 | D        | Noticed a human
   597 | D        | Killed a human
   598 | D        | Reached skill level 5 in Transmutations
   598 | D        | Reached XP level 7. HP: 54/66 MP: 9/12
   599 | D        | Killed a human
   600 | D        | Reached skill level 5 in Dodging
   600 | D        | Reached skill level 11 in Unarmed Combat
   674 | D        | Found a radiant altar of Vehumet.
   675 | D        | Found a shimmering blue altar of Sif Muna.
   675 | D        | Found an ancient bone altar of Kikubaaqudgha.
   689 | D        | Found a glowing silver altar of Zin.
   690 | D        | Found a glowing golden altar of the Shining One.
   690 | D        | Found a white marble altar of Elyvilon.
   690 | D        | Noticed a deep elf pyromancer
   691 | D        | Noticed a fire elemental
   691 | D        | Noticed a fire elemental
   705 | D        | Noticed a fire elemental
   711 | D        | Noticed a fire elemental
   713 | D        | Killed from afar by a deep elf pyromancer

Illustrated notes

Levels and vault maps discovered:
D:        dungeon_sprint_mu [sprint_mu_entry_cave, sprint_mu_temple_rooms,
          sprint_mu_d1_horrors, sprint_mu_d2_genie, sprint_mu_d3_branching,
          sprint_mu_orc_legion, sprint_mu_elf_gauntlet, sprint_mu_hive_nellie,
          sprint_mu_lair_fedhas, sprint_mu_vaults_butterflies,
          sprint_mu_slime_circle, sprint_mu_swamp_cave, sprint_mu_shoals_kraken,
          sprint_mu_blade_basic, sprint_mu_crypt_lich, sprint_mu_tomb_spiral,
          sprint_mu_vestibule_basic, sprint_mu_gehenna_hellfire,
          sprint_mu_dis_giant, sprint_mu_tartarus_statrot,
          sprint_mu_cocytus_islands, sprint_mu_zot1]

Skill      XL: |  1  2  3  4  5  6  7 |
---------------+----------------------+-----
Fighting       | 1 2 3 |  3.1
Dodging        | 2 3 4 5 |  5.2
Unarmed Combat | 5 7 9 10 11 | 11.6
Spellcasting   | 2 3 4 |  4.9
Transmutations | 2 3 4 5 |  5.5
Stealth        | |  0.5

Action                   |  1- 3 |  4- 6 |  7- 9 || total
-------------------------+-------+-------+-------++-------
Melee: Unarmed           |    24 |    22 |    17 ||    63
       Punch             |     1 |     3 |     1 ||     5
       Headbutt          |     1 |     1 |       ||     2
       Kick              |       |     3 |       ||     3
 Cast: Beastly Appendage |     3 |     3 |       ||     6
       Wereblood         |     3 |     2 |     1 ||     6
       Spider Form       |       |       |     2 ||     2
Evoke: Lightning rod     |       |       |     4 ||     4
       Wand              |       |       |     2 ||     2
  Use: Potion            |     2 |       |     1 ||     3
       Scroll            |       |       |     1 ||     1
Armor: Robe              |     4 |     3 |     2 ||     9
       Skin              |       |       |     5 ||     5
Dodge: Dodged            |     8 |     4 |    15 ||    27

Table legend: (Time is in decaauts)
 A = Elapsed time spent in this place.
 B = Non-inter-level travel time spent in this place.
 C = Inter-level travel time spent in this place.
 D = Time resting spent in this place.
 E = Time spent auto-exploring this place.
 F = Levels seen in this place.
 G = Mean time per level.
                   A        B        C        D        E       F      G
               +--------+--------+--------+--------+--------+-----+--------+
         Total |    714 |    714 |      0 |    440 |     13 |   1 |  714.0 |
       Dungeon |    714 |    714 |      0 |    440 |     13 |   1 |  714.0 |
               +--------+--------+--------+--------+--------+-----+--------+

Top non-repeatable levels by time:
       D: 714 daAuts
